 Dungeon Sprint DCSS version 0.31-a0-981-geadf994542 (webtiles) character file.

Game seed: 7985370208544603337

4669 sircluck the Grappler (level 10, -14/117 HPs)
             Began as a Troll Berserker on Nov 1, 2023.
             Was the Champion of Trog.
             Demolished by a vampire knight
             ... wielding a +0 great sword
              (22 damage)
             ... in the Dungeon (Sprint VII: "The Pits").
             The game lasted 00:02:43 (1044 turns).

sircluck the Grappler (Troll Berserker)             Turns: 1044, Time: 00:02:44

Health: -14/117    AC:  5    Str: 34    XL:     10   Next: 20%
Magic:  9/9        EV: 14    Int:  3    God:    Trog [******]
Gold:   0          SH:  0    Dex: 12    Spells: 9/9 levels left

rFire   . .          .
                       - Unarmed
rCold   . . .        (no shield)
rNeg    . . .        a - +0 animal skin
rPois   .            (helmet restricted)
rElec   .            o - +0 cloak
rCorr   .            (gloves unavailable)
SInv    .            (boots unavailable)
Will    .....        (no amulet)
Stlth   +            k - +3 ring of strength
HPRegen 1.19/turn    m - +3 ring of dexterity
MPRegen 0.11/turn

%: no teleportation
@: on berserk cooldown, slowed, very slow
A: large, unfitting armour, claws 3, regeneration 1, shaggy fur 1, tough skin 1
a: Renounce Religion, Berserk, Trog's Hand, Brothers in Arms


You were in the Dungeon.
You worshipped Trog.
Trog was exalted by your worship.
You visited 1 branch

Inventory:

Armour
 a - a +0 animal skin (worn)
 o - a +0 cloak (worn)
Jewellery
 k - a +3 ring of strength (left claw)
 m - a +3 ring of dexterity (right claw)
Scrolls
 i - 2 scrolls of vulnerability
 j - a scroll of summoning
Potions
 b - 8 potions of curing
 c - 4 potions of heal wounds
 d - a potion of haste
 e - 4 potions of magic
 f - 5 potions of berserk rage
 h - 2 potions of invisibility
 l - 2 potions of mutation
 n - 2 potions of might


   Skills:
 + Level 12.3 Fighting
 + Level 12.1 Dodging
 + Level 14.3 Unarmed Combat


You had 9 spell levels left.
You didn't know any spells.
Your spell library was empty.

Dungeon Overview and Level Annotations

Branches:
Dungeon (1/1)

Altars:
Ashenzari
Cheibriados
Dithmenos
Elyvilon
Fedhas
Gozag
Hepliaklqana
Kikubaaqudgha
Makhleb
Nemelex Xobeh
Okawaru
Qazlal
Ru
Sif Muna
Trog
Uskayaw
Vehumet
Wu Jian
Xom
Yredelemnul
Zin
The Shining One
Jiyva
Lugonu


Innate Abilities, Weirdness & Mutations

You are too large for most types of armour.
You have claws for hands.
Your natural rate of healing is unusually fast.
You are covered in fur. (AC +1)
You have tough skin. (AC +1)


Message History

You mangle something!! Something draws life force from you!!
You closely miss something. You claw something. You closely miss something.
Something hits you! Something bites you.
Something draws strength from your injuries!
You claw something! You scratch something. Something hits you.
Something bites you.
Something draws strength from your injuries!
You completely miss something. You barely miss something.
Something draws life force from you!!
* * * LOW HITPOINT WARNING * * *
You mangle something!!
You rip and tear the barbed spikes from your body.
You completely miss something. Something hits you.
* * * LOW HITPOINT WARNING * * *
Something bites you but does no damage.
You closely miss something.
You are no longer berserk.
You are exhausted.
You feel yourself slow down.
You claw something! You claw something. Something hits you!
* * * LOW HITPOINT WARNING * * *
Something bites you!
* * * LOW HITPOINT WARNING * * *
Something draws strength from your injuries!
Unknown command.
Unknown command.
Unknown command.
Unknown command.
Unknown command.
Blink to where?
Press: ? - help, Q - select action, (/) - cycle Dir - move target
As you read the scroll of blinking, it crumbles to dust.
You feel much better.
You feel much better. Something hits you!!!
* * * LOW HITPOINT WARNING * * *
Something bites you.
* * * LOW HITPOINT WARNING * * *
Something draws strength from your injuries!
Something hits you!!
You die...

.......##..#)..#........#
.......##..#...#.#####..#
#########..#####)+...#
#########.)......#...+
..#..[.##.†).....#...#
..#..[[###†###...#.).# .
..'..))##†...'...#)###...#
..#..))##....#.....†.....#
..#..))##....#..@........+
##########################


There were no monsters in sight!

Vanquished Creatures
  A flayed ghost (D)
  A deep elf pyromancer (D)
  2 manticores (D)
  A rime drake (D)
  A freezing wraith (D)
  A red devil (D)
  A merfolk (D)
  A hornet (D)
  Grinder (D)
  A jumping spider (D)
  2 flying skulls (D)
  2 vampire mosquitoes (D)
  A warg (D)
  An acid dragon (D)
  A black bear (D)
  An ogre (D)
  2 centaurs (D)
  A bullfrog (D)
  A kobold brigand (D)
  A gnoll sergeant (D)
  A scorpion (D)
  A crimson imp (D)
  A quasit (D)
  An iguana (D)
  7 gnolls (D)
  An adder (D)
  2 ufetubi (D)
  A bat (D)
  A bat zombie (D)
  A goblin (D)
  A ball python zombie (D)
  A frilled lizard (D)
  2 rats (D)
45 creatures vanquished.

Notes
Turn   | Place    | Note
-------+----------+-------------------------------------------
     0 | D        | sircluck the Troll Berserker began the quest for the Orb.
     0 | D        | Reached XP level 1. HP: 22/22 MP: 0/0
    21 | D        | Reached XP level 2. HP: 22/31 MP: 1/1
    29 | D        | Found a bloodstained altar of Trog.
    29 | D        | Found a shimmering blue altar of Sif Muna.
    29 | D        | Found a viscous altar of Jiyva.
    29 | D        | Found a hazy altar of Hepliaklqana.
    29 | D        | Found an opulent altar of Gozag.
    30 | D        | Found a glowing golden altar of the Shining One.
    30 | D        | Found a glowing silver altar of Zin.
    30 | D        | Found a basalt altar of Yredelemnul.
    30 | D        | Found a shimmering altar of Xom.
    30 | D        | Found an ornate altar of the Wu Jian Council.
    30 | D        | Found a sacrificial altar of Ru.
    30 | D        | Found a stormy altar of Qazlal.
    30 | D        | Found an iron altar of Okawaru.
    30 | D        | Found a sparkling altar of Nemelex Xobeh.
    30 | D        | Found a burning altar of Makhleb.
    30 | D        | Found a blossoming altar of Fedhas.
    30 | D        | Found a white marble altar of Elyvilon.
    30 | D        | Found a shadowy altar of Dithmenos.
    30 | D        | Found a snail-covered altar of Cheibriados.
    33 | D        | Found a corrupted altar of Lugonu.
    33 | D        | Found a radiant altar of Vehumet.
    34 | D        | Found an ancient bone altar of Kikubaaqudgha.
    34 | D        | Found a hide-covered altar of Uskayaw.
    34 | D        | Found a broken altar of Ashenzari.
    74 | D        | Noticed a scorpion
    77 | D        | Killed a scorpion
    77 | D        | Reached ** piety under Trog
    78 | D        | Reached skill level 5 in Unarmed Combat
    78 | D        | Reached XP level 3. HP: 30/40 MP: 2/2
    80 | D        | Reached XP level 4. HP: 36/49 MP: 3/3
   110 | D        | Noticed a bullfrog
   117 | D        | Killed a bullfrog
   117 | D        | Reached *** piety under Trog
   118 | D        | Reached skill level 5 in Fighting
   118 | D        | Reached skill level 5 in Dodging
   118 | D        | Reached skill level 6 in Unarmed Combat
   118 | D        | Reached XP level 5. HP: 52/57 MP: 4/4
   166 | D        | Noticed a flying skull
   167 | D        | Noticed a centaur
   175 | D        | Reached **** piety under Trog
   179 | D        | Killed a centaur
   180 | D        | Reached skill level 7 in Unarmed Combat
   181 | D        | Killed a flying skull
   182 | D        | Reached skill level 8 in Unarmed Combat
   182 | D        | Reached XP level 6. HP: 57/71 MP: 5/5
   187 | D        | Reached skill level 9 in Unarmed Combat
   188 | D        | Reached ***** piety under Trog
   203 | D        | Reached XP level 7. HP: 8/79 MP: 6/6
   280 | D        | Noticed a merfolk
   286 | D        | Killed a merfolk
   286 | D        | Received a gift from Trog
   287 | D        | Reached skill level 10 in Unarmed Combat
   332 | D        | Noticed Grinder
   337 | D        | Killed Grinder
   338 | D        | Reached XP level 8. HP: 92/92 MP: 7/7
   345 | D        | Reached skill level 11 in Unarmed Combat
   379 | D        | Noticed a rime drake
   379 | D        | Noticed a hornet
   387 | D        | Killed a hornet
   413 | D        | Noticed a flying skull
   420 | D        | Killed a rime drake
   421 | D        | Reached skill level 10 in Fighting
   433 | D        | Killed a flying skull
   434 | D        | Reached skill level 10 in Dodging
   538 | D        | Noticed a deep elf pyromancer
   552 | D        | Killed a deep elf pyromancer
   552 | D        | Identified the +9 glaive of War {heavy, *Noise rPois SInv
                  | Stlth+} (Trog gifted it to you in the Dungeon)
   552 | D        | Received a gift from Trog
   553 | D        | Reached skill level 12 in Unarmed Combat
   553 | D        | Reached XP level 9. HP: 87/102 MP: 8/8
   598 | D        | Noticed a freezing wraith
   602 | D        | Killed a freezing wraith
   602 | D        | Reached ****** piety under Trog
   605 | D        | Received a gift from Trog
   762 | D        | Noticed a flayed ghost
   774 | D        | Killed a flayed ghost
   775 | D        | Reached skill level 13 in Unarmed Combat
   952 | D        | Noticed a manticore
   954 | D        | Noticed a manticore
   958 | D        | Killed a manticore
   958 | D        | Received a gift from Trog
   959 | D        | Reached XP level 10. HP: 93/115 MP: 9/9
   959 | D        | Killed a manticore
   960 | D        | Reached skill level 14 in Unarmed Combat
  1020 | D        | Noticed a vampire knight
  1041 | D        | HP: 2/117 [something (8)]
  1044 | D        | Demolished by a vampire knight

Illustrated notes

Levels and vault maps discovered:
D:        pitsprint [storerooms_1, entrance_room_1, metal_vault_8, armoury_2,
          mini_pit_1, grid_room_1, main_hall_1, silver_pit, the_coven_1,
          the_vestibule_1, steel_vault_2, golden_pit, hallway_of_sentries,
          crystal_vault_3, iron_vault_2, final_vault]

Skill      XL: |  1  2  3  4  5  6  7  8  9 10 |
---------------+-------------------------------+-----
Fighting       | 3 4 5 7 9 10 11 12 | 12.3
Dodging        | 3 4 5 7 8 10 11 12 | 12.1
Unarmed Combat | 5 6 8 9 10 12 13 14 | 14.3

Action                     |  1- 3 |  4- 6 |  7- 9 | 10-12 || total
---------------------------+-------+-------+-------+-------++-------
  Melee: Unarmed           |    11 |    34 |    59 |    22 ||   126
         Punch             |       |     2 |     1 |     4 ||     7
 Invoke: Berserk           |       |     1 |     3 |     1 ||     5
    Use: Potion            |       |       |       |     2 ||     2
         Scroll            |       |       |       |     1 ||     1
 Armour: Animal skin       |     9 |    30 |    35 |    16 ||    90
  Dodge: Dodged            |     3 |    20 |    33 |     7 ||    63

Table legend: (Time is in decaauts)
 A = Elapsed time spent in this place.
 B = Non-inter-level travel time spent in this place.
 C = Inter-level travel time spent in this place.
 D = Time resting spent in this place.
 E = Time spent auto-exploring this place.
 F = Levels seen in this place.
 G = Mean time per level.
                   A        B        C        D        E       F      G
               +--------+--------+--------+--------+--------+-----+--------+
         Total |   1062 |   1062 |      0 |    528 |    213 |   1 | 1062.0 |
       Dungeon |   1062 |   1062 |      0 |    528 |    213 |   1 | 1062.0 |
               +--------+--------+--------+--------+--------+-----+--------+

Top non-repeatable levels by time:
       D: 1062 daAuts
